 Dungeon Crawl Stone Soup version 0.29-a0-878-g7b45a56547 (webtiles) character file.

Game seed: 3897640484277219425

264 buhh the Chopper (level 6, -7/84 HPs)
             Began as a Meteoran Berserker on July 19, 2022.
             Was a Priest of Trog.
             Mangled by an ogre
             ... wielding a +0 giant spiked club
              (23 damage)
             ... on level 4 of the Dungeon.
             The game lasted 00:06:30 (1461 turns).

buhh the Chopper (Meteoran Berserker)               Turns: 1461, Time: 00:06:31

Health: -7/84      AC:  3    Str: 21    XL:     6   Next: 72%
Magic:  7/7        EV: 13    Int:  8    God:    Trog [***...]
Gold:   169        SH:  0    Dex: 14    Spells: 5/5 levels left

rFire   . . .      SeeInvis .   a - +0 hand axe
rCold   . . .      Faith    .   (no shield)
rNeg    . . .      Spirit   .   b - +0 animal skin
rPois   .          Reflect  .   (no helmet)
rElec   .          Harm     .   (no cloak)
rCorr   .          Rampage  .   j - +0 pair of gloves
Will    .....                   (no boots)
Stlth   ..........              (no amulet)
HPRegen 0.24/turn               (no ring)
MPRegen 0.10/turn               (no ring)

@: berserking (expiring), glowing, very quick
A: sense surroundings 1, otherworldly, glowing, explore regen
a: Renounce Religion, Berserk, Trog's Hand


You were on level 4 of the Dungeon.
You worshipped Trog.
Trog was most pleased with you.
You visited 1 branch of the dungeon, and saw 4 of its levels.

You collected 169 gold pieces.

Inventory:

Hand Weapons
 a - a +0 hand axe (weapon)
Missiles
 l - 4 curare-tipped darts (quivered)
Armour
 b - a +0 animal skin (worn)
 j - a +0 pair of gloves (worn)
Magical Staves
 t - a staff of air
Wands
 A - a wand of digging (5)
Scrolls
 c - 4 scrolls of teleportation {unknown}
 e - 2 scrolls of identify {unknown}
 i - 2 scrolls of enchant weapon {unknown}
 k - 2 scrolls of noise
 n - a scroll of summoning
 q - a scroll of acquirement {unknown}
 r - a scroll of magic mapping {unknown}
 s - a scroll of blinking {unknown}
 u - a scroll of vulnerability {unknown}
 v - a scroll of torment {unknown}
Potions
 d - 4 potions of curing {unknown}
 f - a potion of brilliance {unknown}
 g - 3 potions of attraction {unknown}
 h - 2 potions of lignification {unknown}
 m - a potion of mutation {unknown}
 o - a potion of heal wounds {unknown}
 p - a potion of magic {unknown}
 w - a potion of might {unknown}


   Skills:
 + Level 5.2 Fighting
 + Level 5.7 Axes
 - Level 3.3 Armour
 - Level 3.4 Dodging


You had 5 spell levels left.
You didn't know any spells.
Your spell library was empty.

Dungeon Overview and Level Annotations

Branches:
Dungeon (4/15) Zot: 883
 Temple: D:4-7

Altars:
Trog
Yredelemnul
The Shining One


Innate Abilities, Weirdness & Mutations

You passively map a small area around you.
You are easily found by Zot.
You glow in the dark.
You regain HP and MP as you explore.


Message History

The orc priest is severely wounded.
You barely miss the orc.
Your adder barely misses the orc priest.
The orc priest barely misses you.
The orc wizard completely misses your adder.
The orc closely misses you.
You hit the orc priest.
You kill the orc priest!
Trog accepts your kill.
You hit the orc but do no damage.
Your adder bites the orc wizard.
Your Fighting skill increases to level 5!
You are too injured to fight recklessly!
You are too injured to fight recklessly!
You closely miss the orc. The orc hits you with a +0 hand axe.
* * * LOW HITPOINT WARNING * * *
The orc wizard hits your adder with a +0 dagger.
You closely miss the orc. You miss something.
The orc hits you with a +0 hand axe.
* * * LOW HITPOINT WARNING * * *
The orc wizard gestures at you while chanting.
The puff of flame hits your adder!
Your adder dies!
Your adder's corpse dissolves into shadows!
Something completely misses you.
You slash something! Trog accepts your kill.
Trog appreciates your killing of a magic user.
Reactivating autopickup.
You feel a bit more experienced.
You hit the orc.
An endoplasm comes into view.
The orc closely misses you.
You slash the ogre!
The ogre is moderately wounded.
You hit the orc.
You kill the orc!
Trog accepts your kill.
You slash the ogre!
The ogre is severely wounded.
The ogre hits you with a +0 giant spiked club!!
You die...

.....O..## *...# * ,
...?....######..# ,
#...... .......#### ,
#.....# *.......... *
#.....# *##........ ,
*##....$#####.........
,##...oo...##..#.......
*
#.J.)O##..............
#..####@#
*#.........).. *
#h####............ *
#..##............. , ##
##.#..............
..###................
,,
......................
...........<..........
##....................
*###.................)


You could see an ogre (ally target), an orc wizard, an orc, an endoplasm and a
friendly hound (summoned).

Vanquished Creatures
  2 orc priests (D:4)
  An iguana (D:4)
  2 orc wizards (D:4)
  4 adders
  2 adder zombies (D:3)
  A worm (D:4)
  4 dart slugs
  4 orcs (D:4)
  A bat (D:3)
  8 endoplasms
  2 giant cockroaches (D:1)
  7 goblins
  9 hobgoblins
  6 jackals
  11 kobolds
  A quokka (D:3)
  A ball python (D:1)
  3 frilled lizards
  A giant cockroach zombie (D:3)
  A rat (D:1)
71 creatures vanquished.

Vanquished Creatures (others)
  2 fungi (D:3)
2 creatures vanquished.

Grand Total: 73 creatures vanquished

Notes
Turn   | Place    | Note
-------+----------+-------------------------------------------
     0 | D:1      | buhh the Meteoran Berserker began the quest for the Orb.
     0 | D:1      | Reached XP level 1. HP: 19/19 MP: 2/2
    45 | D:1      | Reached XP level 2. HP: 22/26 MP: 3/3
   147 | D:1      | Reached XP level 3. HP: 9/31 MP: 4/4
   261 | D:1      | Found a faded altar of an unknown god.
   281 | D:1      | Reached ** piety under Trog
   572 | D:2      | Reached XP level 4. HP: 38/40 MP: 5/5
   731 | D:2      | Reached XP level 5. HP: 44/46 MP: 6/6
   844 | D:3      | Found a basalt altar of Yredelemnul.
  1095 | D:3      | Found a glowing golden altar of the Shining One.
  1343 | D:4      | Found a bloodstained altar of Trog.
  1364 | D:4      | Reached skill level 5 in Axes
  1369 | D:4      | Reached *** piety under Trog
  1370 | D:4      | Reached XP level 6. HP: 27/53 MP: 7/7
  1447 | D:4      | Noticed an ogre
  1457 | D:4      | Reached skill level 5 in Fighting
  1461 | D:4      | Mangled by an ogre

Illustrated notes

Levels and vault maps discovered:
D:1:      minmay_arrival_four_circles, layout_basic,
          ebering_ecumenical_altar_abandoned
D:2:      layout_loops_ring, grunt_ministairs_1, hangedman_decor_push,
          hangedman_decor_slide_cut, nrook_campfire, minmay_curled_crystal
D:3:      layout_basic, mainiacjoe_overflow_cross_hatched,
          nicolae_yredelemnul_corpse_copse
D:4:      layout_layer_cave, lemuel_crystal_altar,
          grunt_dithmenos_smoke_and_mirrors, dancing_weapons_uskayaw,
          lemuel_round_altar, chequers_serial_rivers_micro_e

Skill      XL: |  1  2  3  4  5  6 |
---------------+-------------------+-----
Axes           | 4 5 |  5.7
Armour         | 3 |  3.3
Dodging        | 3 |  3.4
Fighting       | 4 5 |  5.2

Action                   |  1- 3 |  4- 6 || total
-------------------------+-------+-------++-------
Melee: Hand axe          |    69 |   151 ||   220
Invok: Berserk           |     2 |     4 ||     6
  Use: Scroll            |       |     2 ||     2
Armor: Animal skin       |    23 |    30 ||    53
Dodge: Dodged            |    48 |    87 ||   135

Table legend: (Time is in decaauts)
 A = Elapsed time spent in this place.
 B = Non-inter-level travel time spent in this place.
 C = Inter-level travel time spent in this place.
 D = Time resting spent in this place.
 E = Time spent auto-exploring this place.
 F = Levels seen in this place.
 G = Mean time per level.
                   A        B        C        D        E       F      G
               +--------+--------+--------+--------+--------+-----+--------+
         Total |   1515 |   1424 |     91 |      0 |    247 |   4 |  378.8 |
       Dungeon |   1515 |   1424 |     91 |      0 |    247 |   4 |  378.8 |
               +--------+--------+--------+--------+--------+-----+--------+

Top non-repeatable levels by time:
     D:3: 538 daAuts
     D:1: 447 daAuts
     D:2: 332 daAuts
     D:4: 198 daAuts
